TOP OF THE 1ST |
Athletic Club KC Academy batting - Pitching for Long Island Seawolves : RHP Ron Madison
|
Pitching: RHP Ron Madison
|
|
Batting: SHB António Montés
|
0-0: Foul Ball, location: 2F 0-1: Called Strike 0-2: Ball 1-2: Ball 2-2: Strikes out swinging, 2-3 out at first.
|
Batting: RHB Chris Teague
|
0-0: Ball 1-0: Ball 2-0: Foul Ball, location: 2F 2-1: Ground out 5-3 (Groundball, 5S)
|
Batting: RHB Glenn Woods
|
0-0: Ball 1-0: Foul Ball, location: 2F 1-1: Ground out 6-3 (Groundball, 56)
|
Top of the 1st over - 0 run(s), 0 hit(s), 0 error(s), 0 left on base; Athletic Club KC Academy 0 - Long Island 0 |
BOTTOM OF THE 1ST |
Long Island Seawolves batting - Pitching for Athletic Club KC Academy : LHP Tomás Torres
|
Pitching: LHP Tomás Torres
|
|
Batting: RHB Jim Unknown
|
0-0: Swinging Strike 0-1: Ball 1-1: Called Strike 1-2: Ground out 5-3 (Groundball, 56)
|
Batting: RHB David Morales
|
0-0: Called Strike 0-1: SINGLE (Groundball, 6MD)
|
Batting: RHB Francisco García
|
0-0: Called Strike 0-1: Fielders Choice at 2nd, 4-6 (Groundball, 34)
|
Batting: RHB Roy Clay
|
0-0: Foul Ball, location: 2F 0-1: Ball 1-1: Ball Wild Pitch! Francisco García to second 2-1: Ball 3-1: Base on Balls
|
Batting: SHB Jim Unknown
|
0-0: Called Strike 0-1: Ball 1-1: Foul Ball, location: 2F 1-2: Foul Ball, location: 2F 1-2: Foul Ball, location: 2F 1-2: Ball 2-2: Ground out 4-3 (Groundball, 4)
|
Bottom of the 1st over - 0 run(s), 1 hit(s), 0 error(s), 2 left on base; Athletic Club KC Academy 0 - Long Island 0 |
TOP OF THE 2ND |
Athletic Club KC Academy batting - Pitching for Long Island Seawolves : RHP Ron Madison
|
Batting: LHB José Durán
|
0-0: Ball 1-0: Foul Ball, location: 2F 1-1: Fly out, F9 (Flyball, 9LS)
|
Batting: RHB John Williams
|
0-0: Ball 1-0: Foul Ball, location: 2F 1-1: Foul Ball, location: 2F 1-2: Strikes out swinging
|
Batting: RHB Mike Lovell
|
0-0: Ball 1-0: Swinging Strike 1-1: Ball 2-1: Ball 3-1: Base on Balls
|
Batting: RHB Frank Church
|
0-0: Ball 1-0: Called Strike 1-1: Foul Ball, location: 2F 1-2: Ball 2-2: Foul Ball, location: 2F 2-2: SINGLE (Groundball, 56D) Mike Lovell to second
|
Batting: RHB Bob Curry
|
0-0: Called Strike 0-1: Ball 1-1: Ground out 4-3 (Groundball, 4)
|
Top of the 2nd over - 0 run(s), 1 hit(s), 0 error(s), 2 left on base; Athletic Club KC Academy 0 - Long Island 0 |
BOTTOM OF THE 2ND |
Long Island Seawolves batting - Pitching for Athletic Club KC Academy : LHP Tomás Torres
|
Batting: RHB Jim Unknown
|
0-0: Ball 1-0: Called Strike 1-1: Ball 2-1: Foul Ball, location: 2F 2-2: Ball 3-2: Base on Balls
|
Batting: LHB Jim Unknown
|
0-0: Ball 1-0: Called Strike 1-1: Foul Ball, location: 2F 1-2: Ball 2-2: Foul Ball, location: 2F 2-2: Fly out, F8 (Flyball, 8LS)
|
Batting: RHB Jim Unknown
|
0-0: Ball 1-0: Ball 2-0: Called Strike 2-1: Ball 3-1: Swinging Strike 3-2: Base on Balls Jim Unknown to second
|
Batting: RHB Jim Unknown
|
0-0: Ball 1-0: Grounds into double play, 5-4-3 (Groundball, 56)
|
Bottom of the 2nd over - 0 run(s), 0 hit(s), 0 error(s), 1 left on base; Athletic Club KC Academy 0 - Long Island 0 |
TOP OF THE 3RD |
Athletic Club KC Academy batting - Pitching for Long Island Seawolves : RHP Ron Madison
|
Batting: RHB Adrian Draper
|
0-0: Called Strike 0-1: Reached on error, E4 (Groundball, 4)
|
Batting: SHB António Montés
|
0-0: Ball 1-0: SINGLE (Groundball, 34D) - runner OUT being hit by batted ball.
|
Batting: RHB Chris Teague
|
0-0: Ball 1-0: Called Strike 1-1: SINGLE (Flyball, 7S) António Montés to second
|
Batting: RHB Glenn Woods
|
0-0: Called Strike 0-1: Called Strike 0-2: Strikes out swinging
|
Batting: LHB José Durán
|
0-0: Ball 1-0: Ball 2-0: Fielders Choice at 2nd, 6-4 (Groundball, 6)
|
Top of the 3rd over - 0 run(s), 2 hit(s), 1 error(s), 1 left on base; Athletic Club KC Academy 0 - Long Island 0 |
BOTTOM OF THE 3RD |
Long Island Seawolves batting - Pitching for Athletic Club KC Academy : LHP Tomás Torres
|
Batting: RHB Jim Unknown
|
0-0: Foul Ball, location: 2F 0-1: Called Strike 0-2: Ground out 2-3 (Groundball, 25)
|
Batting: RHB David Morales
|
0-0: Ball 1-0: SOLO HOME RUN (Flyball, 78XD), Distance : 385 ft
|
Batting: RHB Francisco García
|
0-0: Ball 1-0: Called Strike 1-1: Swinging Strike 1-2: Ball 2-2: Ball 3-2: Ground out 4-3 (Groundball, 4M)
|
Batting: RHB Roy Clay
|
0-0: Swinging Strike 0-1: Called Strike 0-2: Foul Ball, location: 2F 0-2: Strikes out swinging
|
Bottom of the 3rd over - 1 run(s), 1 hit(s), 0 error(s), 0 left on base; Athletic Club KC Academy 0 - Long Island 1 |
TOP OF THE 4TH |
Athletic Club KC Academy batting - Pitching for Long Island Seawolves : RHP Ron Madison
|
Batting: RHB John Williams
|
0-0: Foul Ball, location: 2F 0-1: Ball 1-1: Foul Ball, location: 2F 1-2: Foul Ball, location: 2F 1-2: Foul Ball, location: 2F 1-2: Foul Ball, location: 2F 1-2: Ground out 5-3 (Groundball, 5L)
|
Batting: RHB Mike Lovell
|
0-0: Called Strike 0-1: Fly out, F6 (Popup, 6S)
|
Batting: RHB Frank Church
|
0-0: Called Strike 0-1: SINGLE (Line Drive, 7S)
|
Batting: RHB Bob Curry
|
0-0: Ball 1-0: Ball 2-0: DOUBLE (Line Drive, 8RXD) Frank Church to third
|
Batting: RHB Adrian Draper
|
0-0: Swinging Strike 0-1: Ball 1-1: Foul Ball, location: 2F 1-2: Ball 2-2: Ball 3-2: Foul Ball, location: 2F 3-2: Strikes out swinging
|
Top of the 4th over - 0 run(s), 2 hit(s), 0 error(s), 2 left on base; Athletic Club KC Academy 0 - Long Island 1 |
BOTTOM OF THE 4TH |
Long Island Seawolves batting - Pitching for Athletic Club KC Academy : LHP Tomás Torres
|
Batting: SHB Jim Unknown
|
0-0: Ball 1-0: Ball 2-0: Ball 3-0: Called Strike 3-1: Base on Balls
|
Batting: RHB Jim Unknown
|
0-0: Foul Ball, location: 2F 0-1: Fly out, F7 (Flyball, 7LM)
|
Batting: LHB Jim Unknown
|
0-0: Foul Ball, location: 2F 0-1: Ball 1-1: Ball 2-1: Reached on error, E1 (Groundball, 15S) Jim Unknown to second
|
Batting: RHB Jim Unknown
|
0-0: Ball 1-0: Ball 2-0: SINGLE (Line Drive, 78M) Jim Unknown to third Jim Unknown to second Runner from 3rd tries for Home, throw and OUT!
|
Batting: RHB Jim Unknown
|
0-0: Called Strike 0-1: Ball 1-1: Ball 2-1: Swinging Strike 2-2: Strikes out swinging
|
Bottom of the 4th over - 0 run(s), 1 hit(s), 1 error(s), 2 left on base; Athletic Club KC Academy 0 - Long Island 1 |
TOP OF THE 5TH |
Athletic Club KC Academy batting - Pitching for Long Island Seawolves : RHP Ron Madison
|
Batting: SHB António Montés
|
0-0: Called Strike 0-1: Fly out, F6 (Popup, 5L)
|
Batting: RHB Chris Teague
|
0-0: Called Strike 0-1: Foul Ball, location: 2F 0-2: Ball 1-2: Foul Ball, location: 2F 1-2: Strikes out swinging
|
Batting: RHB Glenn Woods
|
0-0: Ball 1-0: Fly out, F9 (Flyball, 89M)
|
Top of the 5th over - 0 run(s), 0 hit(s), 0 error(s), 0 left on base; Athletic Club KC Academy 0 - Long Island 1 |
BOTTOM OF THE 5TH |
Long Island Seawolves batting - Pitching for Athletic Club KC Academy : LHP Tomás Torres
|
Batting: RHB Jim Unknown
|
0-0: Called Strike 0-1: Ground out 5-3 (Groundball, 5S)
|
Batting: RHB David Morales
|
0-0: Ball 1-0: Ball 2-0: Foul Ball, location: 2F 2-1: Called Strike 2-2: Foul Ball, location: 2F 2-2: Ball 3-2: Base on Balls
|
Batting: RHB Francisco García
|
0-0: Swinging Strike 0-1: Ball 1-1: Ball 2-1: Foul Ball, location: 2F 2-2: Ball Wild Pitch! David Morales to second 3-2: Base on Balls
|
Batting: RHB Roy Clay
|
0-0: Foul Ball, location: 2F 0-1: Fly out, F9 (Line Drive, 89D) Runner from 2nd tags up, SAFE at 3rd, no throw
|
Batting: SHB Jim Unknown
|
0-0: Ball 1-0: Foul Ball, location: 2F 1-1: Ball 2-1: Fly out, F9 (Flyball, 9M)
|
Bottom of the 5th over - 0 run(s), 0 hit(s), 0 error(s), 2 left on base; Athletic Club KC Academy 0 - Long Island 1 |
TOP OF THE 6TH |
Athletic Club KC Academy batting - Pitching for Long Island Seawolves : RHP Ron Madison
|
Batting: LHB José Durán
|
0-0: Ball 1-0: Called Strike 1-1: Called Strike 1-2: Foul Ball, location: 2F 1-2: Strikes out looking
|
Batting: RHB John Williams
|
0-0: Ball 1-0: Called Strike 1-1: Ground out 5-3 (Groundball, 56)
|
Batting: RHB Mike Lovell
|
0-0: Called Strike 0-1: Ball 1-1: Foul Ball, location: 2F 1-2: Ball 2-2: Strikes out looking
|
Top of the 6th over - 0 run(s), 0 hit(s), 0 error(s), 0 left on base; Athletic Club KC Academy 0 - Long Island 1 |
BOTTOM OF THE 6TH |
Long Island Seawolves batting - Pitching for Athletic Club KC Academy : LHP Tomás Torres
|
Batting: RHB Jim Unknown
|
0-0: Fly out, F7 (Flyball, 78D)
|
Batting: LHB Jim Unknown
|
0-0: Foul Ball, location: 2F 0-1: Foul Ball, location: 2F 0-2: Ball 1-2: Foul Ball, location: 2F 1-2: Fly out, F8 (Flyball, 8LM)
|
Batting: RHB Jim Unknown
|
0-0: Fly out, F3 (Popup, 3F)
|
Bottom of the 6th over - 0 run(s), 0 hit(s), 0 error(s), 0 left on base; Athletic Club KC Academy 0 - Long Island 1 |
TOP OF THE 7TH |
Athletic Club KC Academy batting - Pitching for Long Island Seawolves : RHP Ron Madison
|
Batting: RHB Frank Church
|
0-0: Called Strike 0-1: Foul Ball, location: 2F 0-2: Ball 1-2: SINGLE (Groundball, 13) (infield hit)
|
Pinch Hitting: LHB Jim Unknown
|
0-0: Foul Ball, location: 2F 0-1: Ball 1-1: Fly out, F5 (Popup, 5S)
|
Pinch Hitting: RHB Ellis Martin
|
0-0: Called Strike 0-1: Foul Ball, location: 2F 0-2: Ball 1-2: Ball 2-2: Ball 3-2: SINGLE (Line Drive, 4MD) Frank Church to second
|
Batting: SHB António Montés
|
0-0: Swinging Strike 0-1: Ball 1-1: Swinging Strike 1-2: Foul Ball, location: 2F 1-2: Ball 2-2: Strikes out swinging
|
Batting: RHB Chris Teague
|
0-0: Ball 1-0: Swinging Strike 1-1: Swinging Strike 1-2: Ball 2-2: Strikes out swinging
|
Top of the 7th over - 0 run(s), 2 hit(s), 0 error(s), 2 left on base; Athletic Club KC Academy 0 - Long Island 1 |
BOTTOM OF THE 7TH |
Long Island Seawolves batting - Pitching for Athletic Club KC Academy : LHP Tomás Torres
|
Now at 1B: Jim Unknown
|
|
Now at 3B: Marty Jennings
|
|
Batting: RHB Jim Unknown
|
0-0: Called Strike 0-1: Foul Ball, location: 2F 0-2: Ball 1-2: Ball 2-2: Fly out, F7 (Flyball, 7M)
|
Batting: RHB Jim Unknown
|
0-0: Ball 1-0: Called Strike 1-1: Ball 2-1: Swinging Strike 2-2: Strikes out swinging
|
Batting: RHB David Morales
|
0-0: Ball 1-0: Ball 2-0: Called Strike 2-1: Ball 3-1: Base on Balls
|
Batting: RHB Francisco García
|
0-0: Ball David Morales steals 2nd base 1-0: Ball 2-0: Called Strike 2-1: SINGLE (Line Drive, 6MD) David Morales to third Runner from 3rd tries for Home, SAFE, no throw or cutoff
|
Batting: RHB Roy Clay
|
0-0: Ball 1-0: Fly out, F7 (Flyball, 7S)
|
Bottom of the 7th over - 1 run(s), 1 hit(s), 0 error(s), 1 left on base; Athletic Club KC Academy 0 - Long Island 2 |
TOP OF THE 8TH |
Athletic Club KC Academy batting - Pitching for Long Island Seawolves : RHP Ron Madison
|
Batting: RHB Glenn Woods
|
0-0: Swinging Strike 0-1: Ball 1-1: Foul Ball, location: 2F 1-2: Foul Ball, location: 2F 1-2: Strikes out swinging
|
Batting: LHB José Durán
|
0-0: Foul Ball, location: 2F 0-1: Ball 1-1: Ball 2-1: Ball 3-1: Base on Balls
|
Batting: RHB John Williams
|
0-0: SINGLE (Groundball, 34D) José Durán to second Runner from 2nd tries for 3rd, SAFE, throw made to third
|
Batting: RHB Mike Lovell
|
0-0: Ball 1-0: Ground out 5-3 (Groundball, 15S) José Durán scores John Williams to second
|
Batting: RHB Frank Church
|
0-0: Ball 1-0: Called Strike 1-1: Foul Ball, location: 2F 1-2: Ball 2-2: Ball 3-2: Foul Ball, location: 2F 3-2: Ground out 5-3 (Groundball, 5L)
|
Top of the 8th over - 1 run(s), 1 hit(s), 0 error(s), 1 left on base; Athletic Club KC Academy 1 - Long Island 2 |
BOTTOM OF THE 8TH |
Long Island Seawolves batting - Pitching for Athletic Club KC Academy : LHP Tomás Torres
|
Batting: SHB Jim Unknown
|
0-0: Ball 1-0: Called Strike 1-1: SINGLE (Groundball, 5D)
|
Batting: RHB Jim Unknown
|
0-0: Ball 1-0: Sac Bunt - play at first, batter OUT! 1-4 Jim Unknown to second
|
Batting: LHB Jim Unknown
|
0-0: Ball 1-0: Ground out 6-3 (Groundball, 6)
|
Batting: RHB Jim Unknown
|
0-0: Fly out, F7 (Line Drive, 7LS)
|
Bottom of the 8th over - 0 run(s), 1 hit(s), 0 error(s), 1 left on base; Athletic Club KC Academy 1 - Long Island 2 |
TOP OF THE 9TH |
Athletic Club KC Academy batting - Pitching for Long Island Seawolves : RHP Ron Madison
|
Batting: LHB Jim Unknown
|
0-0: Ball 1-0: Ball 2-0: Called Strike 2-1: Ground out U3 (Groundball, 3S)
|
Pitching: RHP Jim Unknown
|
|
Pinch Hitting: RHB Jim Unknown
|
0-0: Called Strike 0-1: Ground out 6-3 (Groundball, 6M)
|
Batting: SHB António Montés
|
0-0: SOLO HOME RUN (Flyball, 9D), Distance : 357 ft
|
Batting: RHB Chris Teague
|
0-0: Ball 1-0: Ball 2-0: Ball 3-0: Called Strike 3-1: Called Strike 3-2: Fly out, F7 (Line Drive, 78S)
|
Top of the 9th over - 1 run(s), 1 hit(s), 0 error(s), 0 left on base; Athletic Club KC Academy 2 - Long Island 2 |
BOTTOM OF THE 9TH |
Long Island Seawolves batting - Pitching for Athletic Club KC Academy : LHP Tomás Torres
|
Now at 3B: Chris Smith
|
|
Batting: RHB Jim Unknown
|
0-0: Foul Ball, location: 2F 0-1: Foul Ball, location: 2F 0-2: Ball 1-2: Strikes out swinging
|
Batting: RHB Jim Unknown
|
0-0: Called Strike 0-1: Fly out, F7 (Flyball, 7LM)
|
Batting: RHB David Morales
|
0-0: Swinging Strike 0-1: Ball 1-1: Ball 2-1: Foul Ball, location: 2F 2-2: Ball 3-2: Fly out, F9 (Flyball, 9LM)
|
Bottom of the 9th over - 0 run(s), 0 hit(s), 0 error(s), 0 left on base; Athletic Club KC Academy 2 - Long Island 2 |
TOP OF THE 10TH |
Athletic Club KC Academy batting - Pitching for Long Island Seawolves : RHP Jim Unknown
|
Batting: RHB Glenn Woods
|
0-0: Called Strike 0-1: Swinging Strike 0-2: Strikes out swinging
|
Batting: LHB José Durán
|
0-0: Ball 1-0: Reached on error, E4 (Groundball, 4)
|
Batting: RHB John Williams
|
0-0: Called Strike 0-1: Foul Ball, location: 2F 0-2: Foul Ball, location: 2F 0-2: Fly out, F7 (Flyball, 78S)
|
Batting: RHB Mike Lovell
|
0-0: SINGLE (Groundball, 15S) (infield hit) José Durán to second
|
Batting: RHB Frank Church
|
0-0: Ball 1-0: Ball 2-0: Fielders Choice at 2nd, 5-4 (Groundball, 5)
|
Top of the 10th over - 0 run(s), 1 hit(s), 1 error(s), 1 left on base; Athletic Club KC Academy 2 - Long Island 2 |
BOTTOM OF THE 10TH |
Long Island Seawolves batting - Pitching for Athletic Club KC Academy : LHP Tomás Torres
|
Batting: RHB Francisco García
|
0-0: Called Strike 0-1: Swinging Strike 0-2: Ball 1-2: Foul Ball, location: 2F 1-2: Ball 2-2: Ground out 6-3 (Groundball, 6)
|
Pitching: LHP John McCord
|
|
Batting: RHB Roy Clay
|
0-0: Called Strike 0-1: Fly out, F8 (Flyball, 8LD)
|
Batting: SHB Jim Unknown
|
0-0: Ball 1-0: Ball 2-0: Ground out 6-3 (Groundball, 6)
|
Bottom of the 10th over - 0 run(s), 0 hit(s), 0 error(s), 0 left on base; Athletic Club KC Academy 2 - Long Island 2 |
TOP OF THE 11TH |
Athletic Club KC Academy batting - Pitching for Long Island Seawolves : RHP Jim Unknown
|
Batting: LHB Jim Unknown
|
0-0: Ball 1-0: Foul Ball, location: 2F 1-1: Called Strike 1-2: Fly out, F6 (Popup, 78S)
|
Pitching: RHP Jim Unknown
|
|
Batting: RHB Chris Smith
|
0-0: Ball 1-0: Ground out 5-3 (Groundball, 56)
|
Batting: SHB António Montés
|
0-0: DOUBLE (Line Drive, 5L)
|
Batting: RHB Chris Teague
|
0-0: Ground out 6-3 (Groundball, 6)
|
Top of the 11th over - 0 run(s), 1 hit(s), 0 error(s), 1 left on base; Athletic Club KC Academy 2 - Long Island 2 |
BOTTOM OF THE 11TH |
Long Island Seawolves batting - Pitching for Athletic Club KC Academy : LHP John McCord
|
Batting: RHB Jim Unknown
|
0-0: Swinging Strike 0-1: Foul Ball, location: 2F 0-2: Ball 1-2: Ball 2-2: Strikes out swinging
|
Batting: LHB Jim Unknown
|
0-0: Foul Ball, location: 2F 0-1: Swinging Strike 0-2: Foul Ball, location: 2F 0-2: Foul Ball, location: 2F 0-2: Ball 1-2: Foul Ball, location: 2F 1-2: Ball 2-2: Ground out 4-3 (Groundball, 34)
|
Batting: RHB Jim Unknown
|
0-0: Called Strike 0-1: Ball 1-1: Ball 2-1: SINGLE (Groundball, 6MD)
|
Batting: RHB Jim Unknown
|
0-0: Swinging Strike 0-1: Foul Ball, location: 2F 0-2: Ball 1-2: Ball 2-2: Reached on error, E5 (Groundball, 5) Jim Unknown to second
|
Pinch Runner at 2nd Terry Conley:
|
|
Batting: RHB Jim Unknown
|
0-0: Called Strike 0-1: Ball 1-1: Foul Ball, location: 2F 1-2: SINGLE (Line Drive, 56) Terry Conley to third Jim Unknown to second Runner from 3rd tries for Home, SAFE, no throw or cutoff
|
|